AoeStats
← mexxer

Oasis

508275101Analyzed
2v2 RM · 11d ago on Sep 21, 2026· 36m 15s· 4 players
Game mode
Random Map
Map size
Medium (4 player)
Population
200
Speed
Normal
Resources
Standard
Victory
Conquest
Starting age
Dark Age
Ending age
Imperial Age
RankedLock teamsTeams togetherTeam positionsShared explorationLock speedFull tech treeHidden civsTurbo modeCheats
Victory
Defeat
🇨🇦 Georgians · Canada
1130
+17
🇨🇦 Huns · Canada
944
+19
🇩🇪 Byzantines · Germany
1030
-34
🇩🇪 Chinese · Germany
1000
-42
mexxer
2:41 Loom
10:10 Feudal Age
10:39 Horse Collar
10:47 Double-Bit Axe
23:15 Castle Age
22:12 Scale Mail Armor
22:38 Fletching
24:02 Elite Skirmisher
24:05 Pikeman
25:01 Forging
25:36 Heavy Plow
25:49 Bow Saw
27:24 Thumb Ring
27:38 Padded Archer Armor
27:36 Bodkin Arrow
30:29 Wheelbarrow
34:00 Ballistics
rossi_23
15:42 Feudal Age
26:03 Double-Bit Axe
29:23 Wheelbarrow
36:31 Castle Age
Dgor
6:38 Loom
9:06 Feudal Age
9:44 Double-Bit Axe
14:48 Horse Collar
17:54 Forging
18:53 Bloodlines
19:21 Scale Barding Armor
21:29 Gold Mining
23:47 Castle Age
21:54 Fletching
23:22 Stone Mining
23:39 Padded Archer Armor
25:17 Gold Shaft Mining
25:05 Husbandry
25:48 Bow Saw
25:43 Heavy Plow
26:29 Wheelbarrow
30:22 Town Watch
33:48 Bodkin Arrow
37:46 Imperial Age
FuzzyPeaches
6:15 Loom
9:32 Feudal Age
10:05 Double-Bit Axe
14:49 Forging
16:07 Scale Barding Armor
18:19 Fletching
22:58 Castle Age
21:46 Bloodlines
22:27 Gold Mining
24:36 Husbandry
25:58 Bodkin Arrow
26:05 Padded Archer Armor
26:11 Light Cavalry
27:21 Horse Collar
28:18 Bow Saw
29:39 Ballistics
31:11 Wheelbarrow
31:50 Iron Casting
34:47 Leather Archer Armor
Connection lost

Rejoining the realm…

Still unreachable

The connection could not be restored.

Session expired

The server has moved on; the page needs a fresh start.